Map: 아이스 앤 크롬 - 래더

Players

Astrea

  • Race: Protoss Protoss
  • Spawn Location: 7:00

DPGCure (Cure) - Winner!

  • Race: Terran Terran
  • Spawn Location: 1:00

Event: StayAtHomestory Cup #2

VOD

Have the link to the VOD?

Description

Time

  • Played on: June 11, 2020, 8:44 a.m.
  • Length: 7:53

All games in this series

Show
View Real Time Build Order
Export as new Build Order

Astrea Protoss 

Build Orders: 1 Gate Expand, Phoenix Opening 

Get SALT Encoding   

  12  0:01  Probe  
  13  0:13  Probe  
  14  0:18  Pylon  
  14  0:24  Probe  
  15  0:32  Probe  
  15  0:37  Gateway  
  15  0:40  Probe  
  16  0:46  Assimilator  
  17  0:52  Probe  
  18  1:04  Probe  
  19  1:16  Probe  
  20  1:26  Cybernetics Core  
  20  1:35  Probe  
  20  1:36  Nexus  
  21  1:43  Pylon  
  21  1:47  Probe  
  21  1:52  Assimilator  
  22  1:54  Stalker  
  22  1:57  Probe  
  23  2:05  Probe  
  23  2:08  Warp Gate  
  25  2:13  Probe  
  27  2:23  Adept  
  27  2:25  Probe  
  30  2:38  Probe  
  31  2:46  Probe, Stargate  
  31  2:50  Probe  
  33  2:54  Probe  
  34  3:02  Probe  
  34  3:03  Probe  
  35  3:14  Probe  
  35  3:15  Probe, Gateway  
  35  3:17  Gateway  
  35  3:18  Sentry  
  39  3:22  Phoenix  
  39  3:26  Probe  
  40  3:27  Probe  
  40  3:28  Pylon  
  43  3:38  Probe  
  43  3:39  Probe, Phoenix  
  47  3:50  Probe  
  47  3:51  Probe  
  49  3:59  Pylon  
  49  4:01  Phoenix  
  49  4:02  Probe  
  50  4:04  Probe  
  53  4:14  Probe  
  53  4:15  Nexus  
  54  4:20  Probe  
  54  4:22  Assimilator  
  55  4:24  Assimilator  
  55  4:26  Oracle  
  55  4:27  Probe  
  59  4:35  Probe x2  
  59  4:36  Forge  
  61  4:47  Probe  
  61  4:48  Probe  
  61  4:59  Probe  
  62  5:02  Pylon  
  62  5:03  Protoss Ground Armor Level 1  
  62  5:14  Phoenix  
  62  5:20  Probe x2  
  66  5:25  Twilight Council  
  66  5:29  Probe  
  66  5:31  Sentry  
  66  5:32  Probe x2  
  66  5:34  Pylon  
  66  5:35  Phoenix  
  71  5:41  Probe  
  74  5:44  Probe x2  
  76  5:51  Charge  
  76  5:53  Probe  
  76  5:56  Probe x2  
  79  5:57  Forge  
  79  6:04  Phoenix  
  79  6:05  Probe  
  79  6:08  Probe  
  83  6:11  Pylon  
  83  6:14  Gateway x2  
  83  6:17  Gateway  
  83  6:18  Gateway  
  83  6:20  Gateway  
  83  6:22  Zealot x3  
  83  6:24  Probe  
  90  6:31  Templar Archives  
  90  6:36  Probe  
  90  6:41  Pylon  
  90  6:42  Probe  
  90  6:43  Probe  
  90  6:45  Assimilator  
  92  6:47  Zealot x3  
  92  6:49  Assimilator  
  92  6:51  Probe  
  99  6:55  Pylon  
  99  6:57  Probe x2, Photon Cannon  
  99  7:00  Pylon  
  101  7:07  Pylon  
  101  7:08  Pylon  
  99  7:16  Zealot x5  
  99  7:22  Zealot x3  
  115  7:25  Phoenix  
  115  7:36  Zealot x5  
Show
View Real Time Build Order
Export as new Build Order

DPGCure Terran - Winner!

Build Orders: Reaper Expand 

Get SALT Encoding   

  12  0:00  SCV  
  13  0:12  SCV  
  14  0:17  Supply Depot  
  14  0:25  SCV  
  15  0:38  SCV  
  15  0:40  Barracks  
  15  0:42  Refinery  
  16  0:50  SCV  
  17  1:02  SCV  
  18  1:15  SCV  
  19  1:27  Orbital Command, Reaper  
  20  1:42  Command Center  
  20  1:47  Supply Depot  
  20  1:53  SCV  
  21  1:58  Marine  
  22  2:05  SCV  
  22  2:08  Factory  
  23  2:15  Refinery  
  23  2:17  SCV  
  23  2:20  Barracks Reactor  
  24  2:29  SCV  
  25  2:41  SCV  
  26  2:51  Starport  
  26  2:52  Hellion  
  26  2:54  Orbital Command  
  26  2:56  SCV  
  26  2:58  Marine x2  
  31  3:08  SCV  
  31  3:10  Armory  
  32  3:15  Widow Mine  
  32  3:17  Marine x2  
  36  3:20  SCV  
  36  3:21  SCV  
  38  3:27  Supply Depot  
  38  3:31  Medivac  
  40  3:36  SCV  
  40  3:37  SCV  
  40  3:39  Widow Mine  
  44  3:44  Marine  
  44  3:45  Marine  
  44  3:51  SCV x2  
  46  3:59  Supply Depot  
  46  4:00  Widow Mine  
  46  4:01  Medivac  
  50  4:03  Marine x2  
  50  4:04  SCV  
  50  4:05  SCV  
  53  4:17  SCV  
  53  4:19  Barracks  
  53  4:20  SCV  
  53  4:22  Barracks, Supply Depot  
  53  4:23  Widow Mine  
  57  4:27  Marine x2  
  57  4:31  SCV  
  60  4:33  SCV, Starport Tech Lab  
  61  4:39  Engineering Bay  
  61  4:43  SCV  
  61  4:45  SCV, Marine x2  
  65  4:55  SCV  
  65  4:56  Factory Reactor  
  65  4:57  SCV  
  67  5:00  Starport Reactor  
  67  5:06  Terran Infantry Weapons Level 1  
  67  5:07  Supply Depot  
  67  5:08  Refinery  
  67  5:09  Barracks Tech Lab x2, Refinery  
  67  5:12  Barracks Reactor  
  65  5:14  SCV x2  
  65  5:19  Widow Mine  
  65  5:21  Widow Mine  
  69  5:24  Marine  
  69  5:25  Supply Depot, Stimpack  
  69  5:26  Supply Depot  
  69  5:27  Marine  
  69  5:30  SCV x2  
  71  5:37  Medivac  
  71  5:41  Supply Depot  
  71  5:44  SCV x2, Command Center  
  73  5:50  Marine x4  
  73  5:51  Widow Mine  
  73  5:52  Combat Shield  
  73  5:54  Widow Mine  
  81  6:02  Barracks  
  81  6:05  Barracks  
  81  6:07  SCV x2  
  83  6:12  Marine, Marauder x2  
  83  6:14  Medivac  
  94  6:18  Widow Mine x2  
  94  6:21  Medivac  
  94  6:23  SCV  
  94  6:24  SCV  
  98  6:31  Marine x2  
  100  6:33  Marauder  
  100  6:37  Marauder  
  100  6:38  Supply Depot x2  
  102  6:42  Widow Mine x2  
  102  6:43  SCV x2  
  108  6:51  Barracks Tech Lab  
  108  6:52  Engineering Bay  
  108  6:53  Marine, Barracks Reactor  
  108  6:54  Marine  
  110  6:55  Medivac  
  110  6:56  Marauder  
  110  7:00  SCV x2  
  116  7:17  Marauder x3  
  120  7:25  Widow Mine x2  
  120  7:28  SCV x2  
  120  7:29  SCV  
  126  7:40  SCV x2  
Tags
 
Add a new tag
Caveats
  • Supply blocks, unpowered buildings, or Contaminate may cause inaccurate times.
  • Supply counts are checked every 10 seconds.